AoeStats
← Michi3052

Arabia

503411815Analyzed
1v1 RM · 1mo ago on Aug 31, 2026· 25m 54s· 2 players
Game mode
Random Map
Map size
Tiny (2 player)
Population
200
Speed
Normal
Resources
Standard
Victory
Conquest
Starting age
Dark Age
Ending age
Imperial Age
RankedLock teamsTeams togetherTeam positionsShared explorationLock speedFull tech treeHidden civsTurbo modeCheats
Victory
Defeat
🇪🇸 Portuguese · Spain
754
+14
🇪🇸 Bohemians · Spain
721
-14
rayetgu
0:29 Loom
11:26 Feudal Age
11:40 Man-at-Arms
15:07 Scale Mail Armor
16:21 Forging
22:00 Castle Age
19:53 Double-Bit Axe
19:51 Horse Collar
21:54 Scale Barding Armor
22:59 Wheelbarrow
22:10 Town Watch
22:20 Light Cavalry
25:13 Chain Barding Armor
Michi3052
11:21 Feudal Age
16:51 Castle Age
20:26 Gambesons
Connection lost

Rejoining the realm…

Still unreachable

The connection could not be restored.

Session expired

The server has moved on; the page needs a fresh start.